 Dungeon Crawl Stone Soup version 0.20.1-1-g8b1a95d (webtiles) character file.

88 Kingsmith the Conjurer (level 4, -5/30 HPs)
             Began as a Mummy Conjurer on Dec 6, 2017.
             Killed from afar by an orc wizard (9 damage)
             ... with a magic dart
             ... on level 4 of the Dungeon.
             The game lasted 00:08:34 (2615 turns).

Kingsmith the Conjurer (Mummy Conjurer)             Turns: 2615, Time: 00:08:34

Health: -5/30      AC:  2    Str: 11    XL:     4   Next: 29%
Magic:  0/8        EV: 12    Int: 15    God:
Gold:   142        SH:  0    Dex: 12    Spells: 2/8 levels left

rFire    x . .     SeeInvis .   e - +0 short sword
rCold    + . .     Gourm    .   (no shield)
rNeg     + + +     Faith    .   a - +0 robe
rPois    ∞         Spirit   .   (no helmet)
rElec    .         Reflect  .   (no cloak)
rCorr    .         Harm     .   (no gloves)
MR       .....                  (no boots)
Stlth    ++........             i - amulet of regeneration
Regen    0.5/turn               (no ring)
MPRegen  0.2/turn               (no ring)

@: no status effects
A: no food or potions, fire vulnerability, cold resistance 1, negative energy
resistance 3, torment resistance, unbreathing
a: no special abilities


You were on level 4 of the Dungeon.
You were not hungry.

You visited 1 branch of the dungeon, and saw 4 of its levels.

You collected 142 gold pieces.

Inventory:

Hand Weapons
 e - a +0 short sword (weapon)
Missiles
 j - a throwing net (quivered)
Armour
 a - a +0 robe (worn)
Jewellery
 i - an amulet of regeneration (around neck)
 l - a cursed -2 ring of strength {unknown}
Scrolls
 c - 2 scrolls of blinking {unknown}
 d - 2 scrolls of immolation {unknown}
 f - 2 scrolls of remove curse {unknown}
 g - a scroll of fog {unknown}
 h - a scroll of magic mapping {unknown}
 k - a scroll of fear {unknown}
Books
 b - a book of Conjurations

   Spells                             Type                      Level
   a - Magic Dart                     Conjuration                  1
   b - Searing Ray                    Conjuration                  2
   c - Dazzling Spray                 Conjuration/Hexes            3
   d - Fulminant Prism                Conjuration/Hexes            4
   e - Force Lance                    Conjuration/Translocation    4
   f - Iskenderun's Mystic Blast      Conjuration                  4


   Skills:
 - Level 1.5 Dodging
 - Level 1.5 Stealth
 - Level 2.6 Spellcasting
 - Level 4.2 Conjurations
 + Level 2.2 Hexes


You had 2 spell levels left.
You knew the following spells:

 Your Spells              Type           Power        Failure   Level  Hunger
a - Magic Dart            Conj           ##..         3%          1    N/A
b - Searing Ray           Conj           ##....       5%          2    N/A
c - Dazzling Spray        Conj/Hex       ##....       17%         3    N/A

Dungeon Overview and Level Annotations

Branches:
Dungeon (4/15)
 Temple: D:4-7

Altars:
Xom

Annotations:
D:1 Monsters in glass box
D:3 2 transporters


Innate Abilities, Weirdness & Mutations

You do not eat or drink.
Your flesh is vulnerable to fire.
You are immune to poison.
Your flesh is cold resistant. (rC+)
You are immune to negative energy. (rN+++)
You are immune to unholy pain and torment.
You can survive without breathing.


Message History

The orc is severely wounded.
The orc wizard barely misses you. The orc hits you with a short sword.
* * * LOW HITPOINT WARNING * * *
You closely miss the orc.
The orc is severely wounded.
The orc wizard hits you but does no damage.
The orc wizard hits you with a dagger.
* * * LOW HITPOINT WARNING * * *
The orc hits you with a short sword.
* * * LOW HITPOINT WARNING * * *
Casting: Magic Dart
Confirm with . or Enter, or press ? or * to list all spells.
You don't have enough magic to cast that spell.
You hit the orc.
You kill the orc!
You hit the orc but do no damage.
The orc is almost dead.
The orc wizard points at you and mumbles some strange words.
The magic dart hits you!
You die...

#.# ##.##
...
##.#####+###
#..#.......$
#..#........
#...........
#..<.#o#+##
#....o@#
#....###
######


You could see an orc wizard and an orc.

Vanquished Creatures
  3 adders (D:3)
  A worm (D:2)
  2 dart slugs
  3 leopard geckos (D:3)
  4 orcs
  2 bats
  3 giant cockroaches
  3 goblins
  5 hobgoblins
  3 quokkas
  2 ball pythons
  6 frilled lizards
  4 kobolds
  7 rats
48 creatures vanquished.

Notes
Turn   | Place    | Note
-------+----------+-------------------------------------------
     0 | D:1      | Kingsmith the Mummy Conjurer began the quest for the Orb.
     0 | D:1      | Reached XP level 1. HP: 13/13 MP: 4/4
     6 | D:1      | Noticed a polar bear
     6 | D:1      | Noticed a salamander
     6 | D:1      | Noticed an iguana
   657 | D:1      | Reached XP level 2. HP: 16/19 MP: 0/5
   716 | D:1      | Learned a level 2 spell: Searing Ray
  1363 | D:2      | Reached skill level 4 in Conjurations
  1688 | D:2      | Reached XP level 3. HP: 24/24 MP: 7/7
  2015 | D:3      | Learned a level 3 spell: Dazzling Spray
  2082 | D:3      | Found a transporter.
  2087 | D:3      | Found a transporter.
  2107 | D:3      | Reached skill level 1 in Hexes
  2260 | D:3      | Reached XP level 4. HP: 14/30 MP: 5/8
  2317 | D:3      | Found a shimmering altar of Xom.
  2615 | D:4      | Killed from afar by an orc wizard

Skill      XL: |  1  2  3  4 |
---------------+-------------+-----
Conjurations   | 4 |  4.2
Hexes          | 1 2 |  2.2
Dodging        | |  1.5
Stealth        | |  1.5
Spellcasting   | |  2.6

Action                   |  1- 3 |  4- 6 || total
-------------------------+-------+-------++-------
Melee: Short sword       |   124 |    48 ||   172
 Cast: Magic Dart        |    43 |     3 ||    46
       Searing Ray       |     4 |     2 ||     6
 Stab: Distracted        |     1 |       ||     1
Armor: Robe              |    21 |    11 ||    32
Dodge: Dodged            |    98 |    32 ||   130
